 Dungeon Crawl Stone Soup version 0.26.1-11-gd32895ea62 (webtiles) character file.

Game seed: 5008525048433135750

1174 KamiKatze the Chiller (level 8, -3/55 (58) HPs)
             Began as a Merfolk Ice Elementalist on Apr 25, 2021.
             Was an Initiate of Vehumet.
             Slain by a wight
             ... wielding a +3 dire flail
              (11 damage)
             ... on level 6 of the Dungeon.
             The game lasted 00:46:00 (6499 turns).

KamiKatze the Chiller (Merfolk Ice Elementalist)    Turns: 6499, Time: 00:46:00

HP:   -3/55 (58)    AC:  6    Str:  8    XL:     8   Next: 41%
MP:   10/16         EV: 14    Int: 17    God:    Vehumet [......]
Gold: 319           SH:  0    Dex: 14    Spells: 2/17 levels left

rFire    . . .     SeeInvis .   a - +1 dagger (venom)
rCold    + . .     Faith    .   (no shield)
rNeg     . . .     Spirit   .   h - +0 robe
rPois    +         Reflect  .   t - +0 helmet
rElec    .         Harm     .   r - +0 cloak
rCorr    .         Rampage  .   (no gloves)
Will     .....                  q - +1 pair of boots
Stlth    ++........             (no amulet)
HPRegen  0.18/turn              j - ring of poison resistance
MPRegen  0.15/turn              o - ring of protection from cold

@: frozen ramparts, drained
A: change form in water, swift swim, stealthy swim
a: Renounce Religion


You were on level 6 of the Dungeon.
You worshipped Vehumet.
Vehumet was noncommittal.
You visited 2 branches of the dungeon, and saw 7 of its levels.

You collected 319 gold pieces.

Inventory:

Hand Weapons
 a - a +1 dagger of venom (weapon)
Missiles
 d - 187 stones (quivered)
 e - 31 poisoned darts
Armour
 c - a +0 scale mail
 h - a +0 robe (worn)
 i - a +0 leather armour
 q - a +1 pair of boots (worn)
 r - a +0 cloak (worn)
 t - a +0 helmet (worn)
Jewellery
 j - a ring of poison resistance (left hand)
 o - a ring of protection from cold (right hand)
Wands
 u - a wand of polymorph (18)
Scrolls
 b - a scroll of magic mapping
 m - 2 scrolls of enchant armour
 p - 4 scrolls of identify
 w - a scroll of enchant weapon {unknown}
 x - a scroll of remove curse
Potions
 f - 2 potions of lignification
 g - a potion of flight
 k - a potion of attraction
 l - a potion of cancellation
 n - 2 potions of curing
 s - a potion of brilliance


   Skills:
 + Level 3.4 Fighting
 + Level 3.7 Dodging
 + Level 3.5 Stealth
 * Level 5.4 Spellcasting
 + Level 2.0 Conjurations
 + Level 1.3 Summonings
 * Level 7.5 Ice Magic


You had 2 spell levels left.
You knew the following spells:

 Your Spells              Type           Power        Failure   Level
a - Freeze                Ice            100%         1%          1
b - Frozen Ramparts       Ice            60%          1%          3
c - Ozocubu's Armour      Ice            30%          1%          3
d - Hailstorm             Conj/Ice       20%          19%         4
e - Summon Ice Beast      Ice/Summ       19%          22%         4

Your spell library contained the following spells:

 Spells                   Type           Power        Failure   Level


Dungeon Overview and Level Annotations

Branches:
Dungeon (6/15)             Temple (1/1) D:5

Altars:
Ashenzari
Cheibriados
Dithmenos
Elyvilon
Fedhas
Gozag
Hepliaklqana
Makhleb
Nemelex Xobeh
Okawaru
Qazlal
Ru
Sif Muna
Trog
Uskayaw
Vehumet
Wu Jian
Xom
Yredelemnul
Zin
The Shining One
Beogh

Annotations:
D:5 3 runed translucent doors, exclusions: 3 doors, ice beast and iguana, Elvor's ghost, weakling GrDe


Message History

Your ice beast hits the wight but does no damage.
The wight completely resists.
The wall freezes the wight but does no damage.
The wight closely misses you.
As you read the scroll labelled XUS YTHRECESMEQ, it crumbles to dust.
It is a scroll of amnesia.
Really abort (and waste the scroll)?
Okay, then.
The wight resists.
The wall freezes the wight.
You destroy the wight!
Vehumet accepts your kill.
The wight resists.
The wall freezes the wight.
The wight closely misses you.
The wight resists.
The wall freezes the wight.
The wight barely misses you.
Your ice beast hits the wight but does no damage.
You hit the wight but do no damage.
The wight is moderately damaged.
The wight completely resists.
The wall freezes the wight but does no damage.
The wight hits you with a +3 dire flail!
You die...

##...## ##+#
# #.# . #.#
#.##.# #
#.#....#####
#.Y..#......
#..z).....#
#@.#
#.....z.z#
####..#.##
....#.# ####
#.# ... #.#
...


You could see 3 wights and a friendly ice beast (summoned).

Vanquished Creatures
  Eustachio (D:3)
  Edmund (D:4)
  2 ogres
  A centaur (D:5)
  A scorpion (D:4)
  A wight (D:6)
  A howler monkey (D:5)
  2 orc wizards
  An iguana (D:5)
  4 worker ants
  A worker ant zombie (D:5)
  Robin (D:4)
  A gnoll (D:1)
  11 adders
  A river rat (D:4)
  A shadow imp (D:5)
  An ufetubus (D:5)
  An adder skeleton (D:5)
  A worm (D:2)
  2 dart slugs
  2 leopard geckos (D:4)
  13 orcs
  10 bats
  4 giant cockroaches
  13 goblins
  10 hobgoblins
  15 jackals
  6 kobolds
  2 quokkas
  2 ball pythons
  5 frilled lizards
  A giant cockroach zombie (D:5)
  6 rats
125 creatures vanquished.

Vanquished Creatures (collateral kills)
  An ice beast (D:6)
1 creature vanquished.

Grand Total: 126 creatures vanquished

Notes
Turn   | Place    | Note
-------+----------+-------------------------------------------
     0 | D:1      | KamiKatze the Merfolk Ice Elementalist began the quest for
                  | the Orb.
     0 | D:1      | Reached XP level 1. HP: 13/13 MP: 3/3
   153 | D:1      | Reached XP level 2. HP: 19/19 MP: 1/5
   809 | D:1      | Reached XP level 3. HP: 24/24 MP: 4/6
   813 | D:1      | Learned a level 3 spell: Frozen Ramparts
  1081 | D:1      | Learned a level 3 spell: Ozocubu's Armour
  1176 | D:2      | Reached skill level 5 in Ice Magic
  1242 | D:2      | Reached XP level 4. HP: 30/30 MP: 3/8
  1335 | D:2      | Found a sacrificial altar of Ru.
  1480 | D:2      | You fall into a shaft and drop 2 floors!
  1529 | D:4      | Reached skill level 1 in Fighting
  1658 | D:5      | Entered Level 5 of the Dungeon
  1665 | D:5      | Noticed a phantom
  1777 | D:4      | Reached XP level 5. HP: 35/37 MP: 3/9
  1836 | D:4      | Noticed an ogre
  1867 | D:4      | Killed an ogre
  1868 | D:4      | Reached skill level 6 in Ice Magic
  1868 | D:4      | Reached XP level 6. HP: 12/44 MP: 3/11
  1891 | D:4      | Learned a level 4 spell: Hailstorm
  2645 | D:2      | Found a white marble altar of Elyvilon.
  2645 | D:2      | Found a shimmering altar of Xom.
  2941 | D:3      | Found a sparkling altar of Nemelex Xobeh.
  3319 | D:3      | Found a hazy altar of Hepliaklqana.
  3319 | D:3      | Found a snail-covered altar of Cheibriados.
  3320 | D:3      | Found a shadowy altar of Dithmenos.
  3420 | D:3      | Found an ornate altar of the Wu Jian Council.
  3534 | D:4      | Noticed Edmund
  3589 | D:4      | Noticed Eustachio
  3589 | D:4      | Noticed Robin
  3655 | D:4      | Killed Edmund
  3656 | D:4      | Reached skill level 1 in Conjurations
  3656 | D:4      | Reached XP level 7. HP: 6/51 MP: 6/13
  4016 | D:4      | Killed Robin
  4316 | D:3      | Killed Eustachio
  4438 | D:4      | Found a broken altar of Ashenzari.
  4451 | D:4      | Identified the +1 robe of Canox {-Cast rElec Int+4}
  4816 | D:4      | Reached skill level 7 in Ice Magic
  4895 | D:5      | Reached skill level 5 in Spellcasting
  4900 | D:5      | Learned a level 4 spell: Summon Ice Beast
  5167 | D:5      | Found a staircase to the Ecumenical Temple.
  5178 | Temple   | Entered the Ecumenical Temple
  5307 | Temple   | Became a worshipper of Vehumet
  5369 | D:5      | Reached XP level 8. HP: 51/58 MP: 12/15
  5845 | D:5      | Found a runed translucent gate.
  5853 | D:5      | Reached skill level 1 in Summonings
  5866 | D:5      | Noticed Elvor's ghost (weakling GrDe)
  5867 | D:5      | Found a runed translucent gate.
  5868 | D:5      | Found a runed translucent gate.
  5868 | D:5      | Identified the +5 ring mail of Decompression {rPois}
  5869 | D:5      | Found a roughly hewn altar of Beogh.
  6499 | D:6      | Slain by a wight

Illustrated notes

Levels and vault maps discovered:
D:1:      saegor_arrival_miasma, layout_loops_cross
D:2:      layout_loops_ring, nicolae_ru_sacrificial_ziggurat,
          gammafunk_temple_overflow_wave
D:3:      layout_rooms, nemelex_xobeh_ov_fountains_minmay,
          nicolae_overflow_quartered_altars, lemuel_another_geyser
D:4:      layout_gridville, kennysheep_little_box, gup_sewer_entry_spiral,
          minmay_misc_feat_chi, kennysheep_cross_bottleneck, uniq_eustachio,
          uniq_robin, uniq_edmund
D:5:      layout_loops_ring, temple_pool_b, biasface_ghost_orc_armoury
D:6:      layout_loops_corners, kiku_gazebo_pond_becter, enter_ossuary_5,
          minmay_guarded_unrand_staff_of_olgreb
Temple:   minmay_temple_bridge_abc

Skill      XL: |  1  2  3  4  5  6  7  8 |
---------------+-------------------------+-----
Dodging        | 3 |  3.7
Ice Magic      | 5 6 7 |  7.5
Stealth        | 3 |  3.5
Fighting       | 1 2 3 |  3.4
Spellcasting   | 3 4 5 |  5.4
Conjurations   | 1 2 |  2.0
Summonings     | 1 |  1.3

Action                   |  1- 3 |  4- 6 |  7- 9 || total
-------------------------+-------+-------+-------++-------
Melee: Hand axe          |     6 |    16 |       ||    22
       Unarmed           |     1 |       |       ||     1
       Dagger            |       |    45 |   165 ||   210
       Tailslap          |       |       |     1 ||     1
Throw: Stone             |    25 |    10 |     1 ||    36
 Cast: Freeze            |    37 |    31 |     7 ||    75
       Frozen Ramparts   |     4 |    13 |    18 ||    35
       Summon Ice Beast  |       |       |     2 ||     2
  Use: Scroll            |       |    10 |     2 ||    12
 Stab: Sleeping          |     1 |     3 |     5 ||     9
Armor: Robe              |    13 |     5 |    27 ||    45
Dodge: Dodged            |    20 |    76 |   127 ||   223
